 Dungeon Crawl Stone Soup version 0.32-a0-42-ga30500b4d3 (webtiles) character file.

Game seed: 4673232028748358356

3197 jlumianski the Grappler (level 9, -8/68 HPs)
             Began as a Gnoll Shapeshifter on Feb 2, 2024.
             Was a Believer of Wu Jian.
             Mangled by a two-headed ogre
             ... wielding a +0 giant club
              (28 damage)
             ... on level 7 of the Dungeon.
             The game lasted 00:32:01 (6756 turns).

jlumianski the Grappler (Gnoll Shapeshifter)        Turns: 6756, Time: 00:32:01

Health: -8/68      AC: 12    Str: 18    XL:     9   Next: 96%
Magic:  16/16      EV: 12    Int: 10    God:    Wu Jian [**....]
Gold:   239        SH:  5    Dex: 11    Spells: 17/17 levels left

rFire   . .          .
                       - Unarmed
rCold   . . .        (no shield)
rNeg    . . .        E - +0 plate armour
rPois   .            (helmet currently unavailable)
rElec   .            (cloak currently unavailable)
rCorr   .            (gloves currently unavailable)
SInv    .            (boots currently unavailable)
Will    .....        s - amulet of reflection Stlth
                     t - ring of wizardry
HPRegen 0.31/turn    F - +5 ring of evasion
MPRegen 0.15/turn

%: reflection, wizardry (x1)
@: beast-form
A: beast (slay +4), fangs 1, strong nose, distributed training
a: Begin Untransformation, Renounce Religion, Wall Jump


You were on level 7 of the Dungeon.
You worshipped Wu Jian.
Wu Jian was pleased with you.
You were a hulking beast.
You visited 2 branches of the dungeon, and saw 9 of its levels.

You collected 279 gold pieces.
You spent 40 gold pieces at shops.

Inventory:

Hand Weapons
 H - a +0 triple crossbow
 I - a +5 battleaxe of freezing
Missiles
 k - 8 atropa-tipped darts
 n - 9 poisoned darts (quivered)
Armour
 a - a +0 animal skin
 h - a +0 scale mail
 p - a +0 cloak
 v - a +0 hat
 D - a scarf of invisibility
 E - a +0 plate armour (worn)
Magical Staves
 J - a staff of conjuration
Jewellery
 s - an amulet of reflection (around neck)
 t - a ring of wizardry (left hand)
 w - a ring of willpower
 x - a ring of see invisible
 F - a +5 ring of evasion (right hand)
Talismans
 c - a beast talisman
 d - a flux talisman
 u - a maw talisman
Wands
 q - a wand of quicksilver (7)
Scrolls
 e - 5 scrolls of noise
 g - a scroll of immolation {unknown}
 i - 6 scrolls of teleportation
 l - 2 scrolls of blinking
 r - 2 scrolls of fog {unknown}
 y - 2 scrolls of enchant armour {unknown}
 G - a scroll of torment {unknown}
Potions
 b - 2 potions of lignification
 f - 2 potions of ambrosia
 j - 2 potions of berserk rage
 m - 3 potions of curing
 o - a potion of cancellation
 z - a potion of might
 A - a potion of resistance {unknown}
 B - 2 potions of enlightenment {unknown}
 C - 3 potions of brilliance {unknown}
 K - a potion of attraction {unknown}


   Skills:
 + Level 5.6 Fighting
 + Level 4.9 Short Blades
 + Level 4.9 Long Blades
 + Level 4.9 Axes
 + Level 4.9 Maces & Flails
 + Level 4.9 Polearms
 + Level 4.9 Staves
 + Level 4.9 Ranged Weapons
 + Level 4.9 Throwing
 + Level 4.9 Armour
 + Level 6.8 Dodging
 + Level 4.9 Stealth
 + Level 4.9 Shields
 + Level 8.3 Unarmed Combat
 + Level 4.9 Spellcasting
 + Level 4.1 Conjurations
 + Level 4.1 Hexes
 + Level 4.1 Summonings
 + Level 4.1 Necromancy
 + Level 4.1 Translocations
 + Level 4.1 Fire Magic
 + Level 4.1 Ice Magic
 + Level 4.1 Air Magic
 + Level 4.1 Earth Magic
 + Level 4.1 Alchemy
 + Level 5.4 Invocations
 + Level 4.9 Evocations
 + Level 8.0 Shapeshifting


You had 17 spell levels left.
You didn't know any spells.
Your spell library contained the following spells:

 Spells                   Type           Power      Damage    Failure   Level
 Slow                     Hex            40%        N/A       50%         1
 Confusing Touch          Hex            10%        N/A       85%         3
 Hailstorm                Conj/Ice       10%        3d6       85%         3
 Inner Flame              Hex/Fire       10%        N/A       85%         3
 Sigil of Binding         Hex            10%        N/A       85%         3
 Summon Ice Beast         Ice/Summ       10%        N/A       85%         3
 Vampiric Draining        Necr           10%        2d6       85%         3
 Irradiate                Conj/Alch      5%         3d13      100%        5
 Summon Mana Viper        Hex/Summ       10%        N/A       100%        5
 Sculpt Simulacrum        Ice/Alch       5%         N/A       100%        6
 Monstrous Menagerie      Summ           5%         N/A       100%        7
 Ignition                 Fire           5%         3d4       100%        8


Dungeon Overview and Level Annotations

Branches:
Dungeon (8/15)             Temple (1/1) D:4
   Lair: D:8-11

Altars:
Ashenzari
Elyvilon
Fedhas
Gozag
Hepliaklqana
Kikubaaqudgha
Makhleb
Nemelex Xobeh
Okawaru
Qazlal
Ru
Sif Muna
Trog
Uskayaw
Vehumet
Wu Jian
Xom
Yredelemnul
Zin
The Shining One

Shops:
D:1 ?   D:6 :

Annotations:
D:8 Maggie


Innate Abilities, Weirdness & Mutations

You are a hulking beast.
Your limbs bulge with bestial killing power. (Slay +4)
You have very sharp teeth.
Your uncanny sense of smell can sniff out nearby items.
Your experience applies equally to all skills.


Message History

The bullfrog hits you. The bullfrog attacks as it pursues you!
The bullfrog misses you. The bullfrog closely misses you.
There is a stone staircase leading up here.
The bullfrog hits you. The two-headed ogre misses you.
The two-headed ogre barely misses you. The bullfrog barely misses you.
You climb upwards.
Reactivating autopickup.
There is a stone staircase leading down here.
Fire: H) +0 triple crossbow
Press: ? - help, Q - select action, (/) - cycle Shift-Dir - straight line, f - two-headed ogre
Aim: a two-headed ogre, wielding two +0 giant clubs (75% to hit)
You shoot a bolt.
The bolt barely misses the two-headed ogre.
The bolt hits the bullfrog!
The bullfrog is severely wounded.
You are now empty-handed.
Aiming: Wall Jump
Press: ? - help, Dir - move target, p - two-headed ogre You repeatedly attack the bullfrog from above.
You completely miss the bullfrog.
The bullfrog is severely wounded.
You punch the bullfrog!
You kill the bullfrog!
The Council accepts your kill.
You repeatedly attack the two-headed ogre from above.
You hit the two-headed ogre.
The two-headed ogre is lightly wounded.
You punch the two-headed ogre!
The two-headed ogre is moderately wounded.
You punch the two-headed ogre!
The two-headed ogre is heavily wounded.
The two-headed ogre closely misses you.
The two-headed ogre hits you with a +0 giant club!
* * * LOW HITPOINT WARNING * * *
You spin and attack the two-headed ogre.
You hit the two-headed ogre.
The two-headed ogre is heavily wounded.
The two-headed ogre hits you with a +0 giant club!!
You die...

#.######.# #.#.######
#.#....#.###.#.##....
##.#....#........#....
####.....................
#......................<#
#...................#####
#................#.......
#####...#.###########........
#........>°.h................
#)###.......O.###...#........
#)# #.....°.†.###...#........
#.# #..........##............
#.# #.......#................
#)# #.......##.....#.........
#.# ###.....####...###.......
#)# #.....# #...###.......
#.# #.....# ##...##.......


You could see a two-headed ogre.

Vanquished Creatures
  A hornet (D:7)
  Grinder (D:4)
  Eustachio (D:4)
  2 water moccasins (D:7)
  An orc warrior (D:5)
  3 ice beasts
  2 ogres (D:4)
  3 centaurs
  A phantom (D:6)
  A scorpion (D:7)
  4 bullfrogs
  9 wights
  A bombardier beetle (D:5)
  3 orc priests
  2 hounds
  A sleepcap (D:4)
  5 iguanas
  8 orc wizards
  12 adders
  4 gnolls
  A white imp (D:7)
  5 dart slugs
  2 ribbon worms (D:2)
  22 orcs
  8 ball pythons
  7 endoplasms
  4 giant cockroaches
  11 hobgoblins
  6 jackals
  7 kobolds
  7 quokkas
  7 bats
  6 frilled lizards
  13 goblins
  6 rats
177 creatures vanquished.

Notes
Turn   | Place    | Note
-------+----------+-------------------------------------------
     0 | D:1      | jlumianski the Gnoll Shapeshifter began the quest for the
                  | Orb.
     0 | D:1      | Reached XP level 1. HP: 17/17 MP: 1/1
    96 | D:1      | Reached XP level 2. HP: 23/23 MP: 2/2
   315 | D:1      | Reached XP level 3. HP: 28/28 MP: 3/3
   577 | D:1      | Found The Oracle's Delphic Readings.
   588 | D:1      | Bought a scroll of identify for 20 gold pieces
   588 | D:1      | Bought a scroll of identify for 20 gold pieces
   615 | D:1      | Reached skill level 1 in Invocations
   935 | D:2      | Reached skill level 1 in Short Blades
   935 | D:2      | Reached skill level 1 in Long Blades
   935 | D:2      | Reached skill level 1 in Axes
   935 | D:2      | Reached skill level 1 in Maces & Flails
   935 | D:2      | Reached skill level 1 in Polearms
   935 | D:2      | Reached skill level 1 in Staves
   935 | D:2      | Reached skill level 1 in Ranged Weapons
   935 | D:2      | Reached skill level 1 in Throwing
   935 | D:2      | Reached skill level 1 in Armour
   935 | D:2      | Reached skill level 1 in Stealth
   935 | D:2      | Reached skill level 1 in Shields
   935 | D:2      | Reached skill level 1 in Spellcasting
   935 | D:2      | Reached skill level 1 in Evocations
  1019 | D:3      | Reached XP level 4. HP: 34/34 MP: 5/5
  1166 | D:2      | Reached skill level 1 in Conjurations
  1166 | D:2      | Reached skill level 1 in Hexes
  1166 | D:2      | Reached skill level 1 in Summonings
  1166 | D:2      | Reached skill level 1 in Necromancy
  1166 | D:2      | Reached skill level 1 in Translocations
  1166 | D:2      | Reached skill level 1 in Fire Magic
  1166 | D:2      | Reached skill level 1 in Ice Magic
  1166 | D:2      | Reached skill level 1 in Air Magic
  1166 | D:2      | Reached skill level 1 in Earth Magic
  1166 | D:2      | Reached skill level 1 in Alchemy
  1410 | D:2      | Reached XP level 5. HP: 39/40 MP: 7/7
  1869 | D:3      | Found an opulent altar of Gozag.
  2299 | D:4      | Found a staircase to the Ecumenical Temple.
  2312 | Temple   | Entered the Ecumenical Temple
  2389 | Temple   | Became a worshipper of the Wu Jian Council
  2429 | D:4      | Reached XP level 6. HP: 43/47 MP: 8/8
  2990 | D:4      | Reached skill level 5 in Dodging
  3022 | D:5      | Entered Level 5 of the Dungeon
  3194 | D:4      | Noticed Eustachio
  3214 | D:4      | Reached XP level 7. HP: 12/52 MP: 10/10
  3226 | D:4      | Killed Eustachio
  3439 | D:4      | Noticed Grinder
  3463 | D:4      | Killed Grinder
  3786 | D:5      | Reached XP level 8. HP: 60/60 MP: 12/12
  3797 | D:4      | Found a blossoming altar of Fedhas.
  4122 | D:6      | Found Koduzaiw's Tiny Tomes.
  4293 | D:6      | Reached * piety under Wu Jian
  4601 | D:5      | Found an iron altar of Okawaru.
  4858 | D:6      | Found a glowing silver altar of Zin.
  5049 | D:5      | Reached XP level 9. HP: 39/67 MP: 13/15
  5451 | D:7      | Noticed a hornet
  5459 | D:7      | Killed a hornet
  5460 | D:7      | Reached skill level 5 in Fighting
  5747 | D:7      | Reached skill level 5 in Invocations
  6225 | D:7      | Reached ** piety under Wu Jian
  6696 | D:8      | Noticed a two-headed ogre
  6698 | D:8      | Noticed Maggie
  6743 | D:8      | Noticed a two-headed ogre
  6756 | D:7      | Mangled by a two-headed ogre

Illustrated notes

Levels and vault maps discovered:
D:1:      dpeg_arrival_arbitrary_a, layout_basic, nicolae_nh_oracle_at_delphi
D:2:      layout_rooms
D:3:      layout_basic, grunt_gozag_breadcrumbs, grunt_ministairs_3,
          minmay_fractal_squares_5
D:4:      layout_basic, mainiacjoe_overflow_surrounded_room,
          minmay_temple_entry_grid, grunt_decor_junction, patterned_corridor,
          uniq_grinder, uniq_eustachio
D:5:      layout_rooms, mainiacjoe_overflow_cross_hatched,
          kennysheep_generic_room_12
D:6:      layout_rooms, lemuel_crystal_altar,
          nicolae_shop_i_like_small_books_too
D:7:      layout_basic
D:8:      layout_loops_ring, serial_shops, nicolae_shop_statue_plus, uniq_maggie
Temple:   nicolae_temple_elliptical

Skill      XL: |  1  2  3  4  5  6  7  8  9 |
---------------+----------------------------+-----
Invocations    | 1 2 3 4 5 |  5.4
Short Blades   | 1 2 3 4 |  4.9
Long Blades    | 1 2 3 4 |  4.9
Axes           | 1 2 3 4 |  4.9
Maces & Flails | 1 2 3 4 |  4.9
Polearms       | 1 2 3 4 |  4.9
Staves         | 1 2 3 4 |  4.9
Ranged Weapons | 1 2 3 4 |  4.9
Throwing       | 1 2 3 4 |  4.9
Armour         | 1 2 3 4 |  4.9
Stealth        | 1 2 3 4 |  4.9
Shields        | 1 2 3 4 |  4.9
Spellcasting   | 1 2 3 4 |  4.9
Evocations     | 1 2 3 4 |  4.9
Conjurations   | 1 2 3 4 |  4.1
Hexes          | 1 2 3 4 |  4.1
Summonings     | 1 2 3 4 |  4.1
Necromancy     | 1 2 3 4 |  4.1
Translocations | 1 2 3 4 |  4.1
Fire Magic     | 1 2 3 4 |  4.1
Ice Magic      | 1 2 3 4 |  4.1
Air Magic      | 1 2 3 4 |  4.1
Earth Magic    | 1 2 3 4 |  4.1
Alchemy        | 1 2 3 4 |  4.1
Fighting       | 3 4 5 |  5.6
Dodging        | 5 6 |  6.8
Unarmed Combat | 7 8 |  8.3
Shapeshifting  | 7 8 |  8.0

Action                     |  1- 3 |  4- 6 |  7- 9 || total
---------------------------+-------+-------+-------++-------
  Melee: Unarmed           |    66 |   149 |   190 ||   405
         Bite              |     3 |     8 |    24 ||    35
         Punch             |     1 |     3 |    10 ||    14
         Triple crossbow   |       |       |     1 ||     1
   Fire: Triple crossbow   |       |       |    37 ||    37
  Throw: Dart              |       |    12 |    17 ||    29
Ability: Lunge             |       |     6 |    14 ||    20
         Whirlwind         |       |       |     8 ||     8
         Wall Jump         |       |       |     1 ||     1
  Evoke: Wand              |       |     1 |     4 ||     5
    Use: Scroll            |     4 |     3 |     4 ||    11
         Potion            |       |       |     2 ||     2
 Armour: Animal skin       |     4 |       |       ||     4
         Scale mail        |    30 |    86 |    79 ||   195
         Plate armour      |       |       |    92 ||    92
  Dodge: Dodged            |    52 |    56 |   111 ||   219
  Block: Other             |       |    11 |    56 ||    67
         Reflection        |       |       |     4 ||     4

Table legend: (Time is in decaauts)
 A = Elapsed time spent in this place.
 B = Non-inter-level travel time spent in this place.
 C = Inter-level travel time spent in this place.
 D = Time resting spent in this place.
 E = Time spent auto-exploring this place.
 F = Levels seen in this place.
 G = Mean time per level.
                   A        B        C        D        E       F      G
               +--------+--------+--------+--------+--------+-----+--------+
         Total |   6784 |   6606 |    178 |    436 |   3072 |   9 |  753.8 |
       Dungeon |   6678 |   6500 |    178 |    436 |   3072 |   8 |  834.8 |
        Temple |    105 |    105 |      0 |      0 |      0 |   1 |  105.0 |
               +--------+--------+--------+--------+--------+-----+--------+

Top non-repeatable levels by time:
     D:4: 1092 daAuts
     D:7: 1062 daAuts
     D:3: 1030 daAuts
     D:1: 1029 daAuts
     D:6: 987 daAuts
     D:5: 747 daAuts
     D:2: 570 daAuts
     D:8: 158 daAuts
  Temple: 105 daAuts
